 Dungeon Crawl Stone Soup version 0.23.0 (webtiles) character file.

Game seed: 17488533577189829487

72 Enish the Skirmisher (level 4, -3/41 HPs)
             Began as a Minotaur Berserker on Feb 17, 2019.
             Was a Believer of Trog.
             Slain by Robin
             ... wielding a +0 mace of protection
              (7 damage)
             ... on level 2 of the Dungeon.
             The game lasted 00:00:23 (1202 turns).

Enish the Skirmisher (Minotaur Berserker)           Turns: 1202, Time: 00:00:24

Health: -3/41      AC:  2    Str: 21    XL:     4   Next: 7%
Magic:  3/3        EV: 13    Int:  4    God:    Trog [**....]
Gold:   89         SH:  0    Dex: 11    Spells: 3/3 levels left

rFire    . . .     SeeInvis .   a - +0 hand axe
rCold    . . .     Gourm    .   (no shield)
rNeg     . . .     Faith    .   b - +0 animal skin
rPois    .         Spirit   .   (helmet restricted)
rElec    .         Reflect  .   (no cloak)
rCorr    .         Harm     .   (no gloves)
MR       .....                  (no boots)
Stlth    +.........             (no amulet)
HPRegen  0.13/turn              (no ring)
MPRegen  0.08/turn              (no ring)

@: lethally poisoned (-3 -> -4), berserk cooldown, slowed, very slow
A: retaliatory headbutt, horns 2
a: Berserk, Trog's Hand, Renounce Religion


You were on level 2 of the Dungeon.
You worshipped Trog.
Trog was pleased with you.
You were hungry.

You visited 1 branch of the dungeon, and saw 2 of its levels.

You collected 89 gold pieces.

Inventory:

Hand Weapons
 a - a +0 hand axe (weapon)
Armour
 b - a +0 animal skin (worn)
Jewellery
 l - an uncursed ring of protection from magic {unknown}
   (You found it on level 1 of the Dungeon)
Scrolls
 c - 3 scrolls of remove curse {unknown}
 d - a scroll of blinking {unknown}
 f - a scroll of teleportation {unknown}
 g - a scroll of enchant weapon {unknown}
 h - a scroll of fear {unknown}
 i - 2 scrolls of identify {unknown}
Potions
 k - 2 potions of heal wounds {unknown}
Comestibles
 e - 2 rations


   Skills:
 + Level 4.3 Fighting
 + Level 4.3 Axes
 + Level 3.3 Armour
 + Level 3.0 Dodging


You had 3 spell levels left.
You didn't know any spells.
Your spell library was empty.

Dungeon Overview and Level Annotations

Branches:
Dungeon (2/15)

Altars:

Annotations:
D:2 Robin


Innate Abilities, Weirdness & Mutations

You reflexively headbutt those who attack you in melee.
You have a pair of horns on your head.


Message History

Robin hits you with a +0 mace of protection.
* * * LOW HITPOINT WARNING * * *
Things that are here:
a worm corpse; a frilled lizard corpse; a giant cockroach corpse You are too injured to fight recklessly!
You barely miss Robin. Your headbutt misses Robin.
The dart slug launches a dart at you. The slug dart hits you.
* * * LOW HITPOINT WARNING * * *
Robin misses you. You furiously retaliate!
You headbutt Robin.
You are too injured to fight recklessly!
You barely miss Robin.
Robin is lightly wounded.
You feel sick. Robin closely misses you.
You are too injured to fight recklessly!
You hit Robin but do no damage.
Robin is lightly wounded.
You hit the dart slug.
Robin hits you with a +0 mace of protection!
You die...

.......... #
......... .#
..........#
.........# .
#....#..+ ..
...⌠...#
...###..#.#
..........###
......w@†...#
......)g<...#
......††....#
....w.......+
............#
............+
##..........#
............#
............#


You could see a worm, Robin and a dart slug.

Vanquished Creatures
  Natasha (D:2)
  An adder (D:2)
  A worm (D:2)
  A bat (D:1)
  2 giant cockroaches
  11 goblins
  4 hobgoblins
  5 jackals (D:1)
  A ball python (D:1)
  2 frilled lizards
  3 rats (D:1)
32 creatures vanquished.

Notes
Turn   | Place    | Note
-------+----------+-------------------------------------------
     0 | D:1      | Enish the Minotaur Berserker began the quest for the Orb.
     0 | D:1      | Reached XP level 1. HP: 19/19 MP: 0/0
   315 | D:1      | Reached XP level 2. HP: 27/27 MP: 1/1
  1178 | D:2      | Noticed Robin
  1185 | D:2      | Reached XP level 3. HP: 32/33 MP: 2/2
  1185 | D:2      | Noticed Natasha
  1195 | D:2      | Killed Natasha
  1195 | D:2      | Reached XP level 4. HP: 16/41 MP: 3/3
  1196 | D:2      | Reached ** piety under Trog
  1202 | D:2      | Slain by Robin

Skill      XL: |  1  2  3 |
---------------+----------+-----
Axes           | 4 |  4.3
Fighting       | 4 |  4.3
Armour         | 3 |  3.3
Dodging        | 3 |  3.0

Action                   |  1- 3 |  4- 6 || total
-------------------------+-------+-------++-------
Melee: Hand axe          |    50 |     4 ||    54
       Headbutt          |     6 |       ||     6
Invok: Berserk           |     1 |       ||     1
  Eat: Chunk             |     1 |       ||     1
Armor: Animal skin       |     9 |       ||     9
Dodge: Dodged            |    27 |     4 ||    31
